Get step-by-step instructions on how to execute this build order below. Start the game timer, and the build order will tick by so you can play in parallel with StarCraft on a second screen or mobile device.

Game Time

  0:00

Last Step

  N/A

Next Step

Upcoming Step



Don't want to look back and forth between 2 screens? Try out our Overwolf App, the Spawning Tool Build Advisor to get an in-game overlay with this build!

Complete Build Order

  12  0:01  Drone  
  13  0:09  Drone  
  14  0:15  Extractor  
  14  0:16  Drone  
  14  0:20  Extractor  
  13  0:23  Drone  
  16  0:30  Overlord  
  16  0:44  Spawning Pool  
  16  0:49  Drone  
  16  0:52  Drone  
  17  0:58  Drone  
  18  1:06  Drone  
  19  1:20  Hatchery  
  18  1:28  Drone  
  18  1:32  Queen  
  21  1:38  Zergling x2  
  22  1:42  Overlord  
  22  1:52  Overlord  
  22  2:08  Zergling x2  
  23  2:16  Drone  
  24  2:34  Queen  
  26  2:37  Overlord  
  26  2:40  Hatchery  
  26  2:44  Overlord  
  25  2:45  Drone x2  
  27  3:03  Zergling x10  
  27  3:04  Zergling x2  
  33  3:27  Drone  
  33  3:28  Drone x4  
  38  3:45  Overlord x3  
  38  3:54  Drone  
  39  3:59  Queen  
  41  4:09  Zergling x2  
  41  4:10  Zergling x12  
  42  4:19  Drone x2  
  42  4:22  Drone x2  
  45  4:36  Overlord x3  
  45  4:37  Overlord x2  
  45  4:42  Hatchery  
  44  4:50  Drone  
  44  4:51  Drone x6  
  51  5:04  Spine Crawler  
  51  5:06  Spine Crawler  
  49  5:09  Spine Crawler  
  49  5:13  Drone  
  49  5:14  Drone x5  
  54  5:26  Zergling x2  
  54  5:27  Zergling x4  
  57  5:38  Zergling x6  
  57  5:40  Drone  
  61  5:46  Drone  
  61  5:47  Drone  
  63  5:56  Zergling x2  
  64  5:57  Zergling x18  
  73  6:06  Queen  
  73  6:08  Zergling x2  
  73  6:09  Zergling x2  
  73  6:11  Overlord x3  
  77  6:19  Spore Crawler  
  77  6:23  Spore Crawler  
  75  6:29  Spore Crawler  
  75  6:31  Drone x3  
  75  6:32  Drone x2  
  79  6:33  Drone, Spore Crawler  
  79  6:35  Spore Crawler  
  79  6:36  Spore Crawler, Drone  
  79  6:37  Drone x7  
  85  6:45  Zergling x4  
  85  6:46  Zergling x2  
  88  6:47  Zergling x4  
  88  6:48  Zergling x10  
  95  7:08  Drone  
  95  7:09  Drone x7  
  103  7:16  Overlord x6  
  103  7:17  Overlord  
  103  7:24  Zergling x2  
  103  7:25  Zergling x20  
  114  7:35  Spine Crawler  
  113  7:38  Spine Crawler  
  112  7:50  Zergling x2  
  112  7:51  Zergling x30  
  92  8:07  Spine Crawler  
  92  8:08  Spine Crawler  
  92  8:11  Drone x5, Spine Crawler  
  92  8:12  Drone x2  
  96  8:28  Zergling x24  
  96  8:31  Zergling x2  
  96  8:32  Zergling x8  
  95  8:48  Zergling x2  
  95  8:49  Zergling x18  
  96  8:57  Zergling x2  
  96  8:58  Zergling x8  
  99  9:10  Zergling x2  
  99  9:11  Zergling x20  
  99  9:13  Zergling x2  
  99  9:14  Zergling x2  
  109  9:29  Zergling x4  
  109  9:30  Zergling x16  
  79  10:03  Zergling x26  
  79  10:04  Zergling x10  
  97  10:07  Zergling x2  
  97  10:08  Zergling x2  
  99  10:18  Hatchery  
  99  10:19  Hatchery  
  99  10:20  Hatchery  
  96  10:25  Hatchery  
  95  10:28  Hatchery  
  95  10:34  Hatchery  
  93  10:41  Zergling x24  
  93  10:42  Zergling x6  
  108  10:45  Zergling x8  
  108  10:47  Zergling x2  
  108  10:49  Zergling x2  
  117  10:50  Zergling x12  
  120  11:03  Zergling x2  
  94  11:04  Zergling x10  
  96  11:20  Spine Crawler  
  96  11:21  Spine Crawler  
  94  11:35  Zergling x2  
  94  11:36  Zergling x30  
  94  11:37  Zergling x10  
  115  11:44  Queen  
  115  11:46  Queen  
  121  11:48  Queen  
  121  11:50  Zergling x4  
  121  11:51  Zergling x30  
  140  11:55  Zergling x14  
  140  11:58  Queen  
  140  11:59  Queen  
  151  12:02  Queen  
  151  12:10  Drone  
  152  12:28  Spine Crawler  
  152  12:29  Spine Crawler  
  150  12:31  Spine Crawler  
  150  12:33  Spore Crawler  
  150  12:36  Spore Crawler  
  147  12:46  Spine Crawler  
  147  12:47  Spine Crawler  
  147  12:49  Spore Crawler, Spine Crawler  
  147  12:51  Spore Crawler  
  142  12:58  Spine Crawler  
  142  12:59  Spine Crawler  
  142  13:02  Spore Crawler, Zergling x20  
  142  13:03  Spine Crawler, Zergling x52  
  142  13:05  Spine Crawler  
  173  13:22  Spine Crawler x6  
  167  14:01  Drone  
  167  14:02  Drone x19  
  187  14:06  Drone x15  
  187  14:07  Drone  
  89  14:42  Zergling x2  
  89  14:43  Zergling x34  
  89  14:44  Zergling x2  
  108  14:46  Zergling x2  
  108  14:47  Zergling x2  
  108  14:51  Zergling x8  
  114  15:34  Zergling x4  
  114  15:35  Zergling x60  
  142  15:36  Zergling x26  
  142  15:39  Zergling x2  
  142  15:40  Zergling x6  
  142  15:41  Zergling x2  
  142  15:42  Zergling x2  
  165  16:25  Hatchery  
  164  16:39  Hatchery  
  163  16:46  Hatchery  
  158  16:59  Spore Crawler  
  158  17:00  Spore Crawler x3  
  149  17:02  Spore Crawler x2  
  149  17:04  Spore Crawler  
  149  17:05  Spore Crawler  
  115  17:13  Zergling x12  
  115  17:14  Zergling x56  
  115  17:15  Zergling x14  
  116  17:36  Zergling x2  
  116  17:37  Zergling x50  
  109  17:38  Zergling x26  
  109  17:44  Zergling x8  
  126  17:48  Zergling x2  
  126  17:49  Zergling x2  
  126  17:50  Zergling x4  
  82  18:17  Zergling x2  
  82  18:18  Zergling x42  
  99  18:31  Zergling x2  
  99  18:32  Zergling x18  
  99  18:33  Zergling x2  
  98  18:45  Zergling x2  
  98  18:46  Zergling x24  
  109  18:57  Zergling x2  
  109  18:58  Zergling x18  
  98  19:35  Spawning Pool  
  83  19:48  Drone x3  
  77  20:27  Spine Crawler  
  75  20:28  Spine Crawler  
  75  20:29  Spine Crawler x2  
  75  20:30  Spine Crawler x2  
  75  20:31  Spine Crawler x2  
  75  20:32  Spawning Pool  
  75  20:33  Spine Crawler x2  
  75  20:34  Spine Crawler  
  60  20:36  Spine Crawler  
  59  20:45  Spore Crawler  
  59  20:47  Spore Crawler x2  
  59  20:49  Spore Crawler x4  
  52  20:50  Spore Crawler  
  52  20:51  Spore Crawler  
  52  20:52  Spore Crawler  
  37  21:06  Zergling x6  
  37  21:07  Zergling x34  
  42  21:35  Spine Crawler  
  42  21:36  Spine Crawler  
  42  21:37  Spine Crawler  
  42  21:39  Spine Crawler  
  33  21:52  Spore Crawler, Spine Crawler  
  33  21:53  Spine Crawler  
  25  21:55  Spore Crawler  
  25  21:56  Spore Crawler  
  25  21:59  Spine Crawler  
  25  22:00  Spine Crawler  
  14  22:26  Drone x3  
  17  23:03  Drone  
  17  23:04  Drone x5  
  23  23:13  Drone x9  
  25  23:50  Zergling x8  
  24  24:29  Zergling x2  
  24  24:30  Zergling x20